 Dungeon Crawl Stone Soup version 0.31-a0-1549-g5ff9445e89 (webtiles) character file.

Game seed: 10776611194831678597

763 voltaire321 the Apothecary (level 7, -2/51 HPs)
             Began as a Demonspawn Alchemist on Jan 2, 2024.
             Slain by Edmund
             ... wielding a +2 flail of protection
              (12 damage)
             ... on level 5 of the Dungeon.
             The game lasted 00:13:02 (5908 turns).

voltaire321 the Apothecary (Demonspawn Alchemist)   Turns: 5908, Time: 00:13:02

Health: -2/51      AC:  5    Str: 10    XL:     7   Next: 51%
Magic:  12/12      EV: 10    Int: 16    God:
Gold:   140        SH:  9    Dex: 13    Spells: 7/12 levels left

rFire   . . .        a - +1 broad axe (protect)
rCold   . . .        o - +1 buckler
rNeg    . . .        q - +0 ring mail
rPois   .            (no helmet)
rElec   .            (no cloak)
rCorr   .            (no gloves)
SInv    .            (no boots)
Will    +....        (no amulet)
Stlth   +            d - ring of willpower
HPRegen 0.28/turn    (no ring)
MPRegen 0.13/turn

%: no passive effects
@: no status effects
A: large bone plates 1, demonic guardian 1
a: no special abilities


You were on level 5 of the Dungeon.
You visited 1 branch of the dungeon, and saw 5 of its levels.

You collected 140 gold pieces.

Inventory:

Hand Weapons
 a - a +1 broad axe of protection (weapon)
 h - a +1 vampiric whip
Armour
 o - a +1 buckler (worn)
 q - a +0 ring mail (worn)
Jewellery
 d - a ring of willpower (left hand)
Wands
 l - a wand of mindburst (7)
Scrolls
 c - a scroll of butterflies
 e - a scroll of silence {unknown}
 f - a scroll of identify
 m - a scroll of acquirement {unknown}
Potions
 b - a potion of magic
 i - a potion of brilliance {unknown}
 j - a potion of cancellation {unknown}
 k - 2 potions of curing
 p - a potion of mutation
 s - a potion of might {unknown}
 t - 2 potions of attraction


   Skills:
 + Level 2.7 Fighting
 * Level 2.0 Axes
 + Level 2.4 Armour
 + Level 3.2 Dodging
 - Level 1.7 Stealth
 + Level 2.0 Shields
 + Level 3.4 Spellcasting
 + Level 3.0 Conjurations
 + Level 4.2 Alchemy


You had 7 spell levels left.
You knew the following spells:

 Your Spells              Type           Power      Damage    Failure   Level
a - Sting                 Conj/Alch      56%        1d6       14%         1
b - Olgreb's Toxic Radia  Alch           16%        N/A       75%         4

Your spell library contained the following spells:

 Spells                   Type           Power      Damage    Failure   Level
 Mercury Vapours          Alch/Air       18%        N/A       38%         2
 Mephitic Cloud           Conj/Alch/Air  10%        N/A       58%         3
 Jinxbite                 Hex            4%         N/A       69%         2
 Call Canine Familiar     Summ           2%         N/A       89%         3
 Gell's Gravitas          Tloc           2%         N/A       89%         3
 Sigil of Binding         Hex            2%         N/A       89%         3
 Teleport Other           Tloc           2%         N/A       89%         3
 Sticky Flame             Fire/Alch      9%         2d5       95%         4
 Dimensional Bullseye     Hex/Tloc       1%         N/A       100%        4
 Yara's Violent Unravell  Hex/Alch       4%         3d4       100%        5
 Dispersal                Tloc           1%         N/A       100%        6
 Enfeeble                 Hex            1%         N/A       100%        7


Dungeon Overview and Level Annotations

Branches:
Dungeon (5/15)
 Temple: D:4-7

Altars:
Gozag
Ru
Sif Muna

Shops:
D:3 ([

Annotations:
D:5 Edmund


Innate Abilities, Weirdness & Mutations

You are partially covered in large bone plates. (SH +4)
A weak demonic guardian rushes to your aid.


Message History

Your white imp barely misses Edmund.
Edmund hits your white imp with a +2 flail of protection.
Your white imp dies!
Your white imp disappears in a puff of smoke!
Edmund shouts!
You closely miss Edmund.
Edmund is almost dead.
Edmund closely misses you.
You closely miss Edmund.
Edmund is almost dead.
Edmund hits you with a +2 flail of protection.
You block Edmund's attack.
You closely miss Edmund.
Edmund is almost dead.
You block Edmund's attack.
You barely miss Edmund.
Edmund is almost dead.
Edmund barely misses you.
Edmund says, "A flail is better than a scythe, any day of the week!"
You block Edmund's attack.
You barely miss Edmund.
Edmund is almost dead.
Edmund hits you with a +2 flail of protection!
You barely miss Edmund.
Edmund is almost dead.
Edmund gestures with his flail.
Edmund hits you with a +2 flail of protection. x2
* * * LOW HITPOINT WARNING * * *
Aiming: Mindburst
Press: ? - help, Shift-Dir - straight line, f - Edmund
Aim: Edmund, wielding a +2 flail of protection and wearing a +0 scale mail (almost dead, chance to affect: 64%) Edmund struggles to resist.
Edmund hits you with a +2 flail of protection!
* * * LOW HITPOINT WARNING * * *
A demonic guardian appears!
Okay, then.
You feel better.
Edmund hits you with a +2 flail of protection!
You die...
Edmund says, "That'll show my brother!"

..... ...>. ......
...... ......###########
................#
......$)5.......#
.......@@.......#
......##.......##<.....#
..... #.......##......#
.... #...............#
... #...............# ..
#...............# .
#...............#
#...............#
#...............#


You could see Edmund (ally target) and a friendly iron imp (summoned).

Vanquished Creatures
  A water moccasin (D:5)
  2 ogres
  A phantom (D:5)
  2 scorpions (D:4)
  A bombardier beetle (D:4)
  A jelly (D:5)
  An orc wizard (D:5)
  2 iguanas (D:5)
  A gnoll (D:1)
  6 adders
  2 ufetubi (D:5)
  A ribbon worm (D:2)
  A dart slug (D:5)
  11 orcs
  11 ball pythons
  6 endoplasms
  4 giant cockroaches
  4 goblins
  8 hobgoblins
  3 quokkas
  4 bats
  6 frilled lizards
  4 kobolds
  6 rats
89 creatures vanquished.

Vanquished Creatures (collateral kills)
  An orc (D:5)
  An endoplasm (D:1)
2 creatures vanquished.

Grand Total: 91 creatures vanquished

Notes
Turn   | Place    | Note
-------+----------+-------------------------------------------
     0 | D:1      | voltaire321 the Demonspawn Alchemist began the quest for
                  | the Orb.
     0 | D:1      | Reached XP level 1. HP: 13/13 MP: 3/3
   582 | D:1      | Gained mutation: A weak demonic guardian rushes to your
                  | aid. [demonic ancestry]
   582 | D:1      | Reached XP level 2. HP: 15/20 MP: 3/5
   963 | D:1      | Reached XP level 3. HP: 13/25 MP: 2/6
  1947 | D:2      | Found a faded altar of an unknown god.
  1951 | D:2      | Reached skill level 1 in Fighting
  2020 | D:2      | Found a shimmering blue altar of Sif Muna.
  2261 | D:2      | Reached skill level 1 in Armour
  2349 | D:2      | Reached XP level 4. HP: 27/32 MP: 4/7
  3600 | D:3      | You fall into a shaft and drop 1 floor!
  3670 | D:4      | Found an opulent altar of Gozag.
  3705 | D:4      | Found a sacrificial altar of Ru.
  3708 | D:4      | Noticed a scorpion
  3735 | D:4      | Killed a scorpion
  3736 | D:4      | Gained mutation: You are partially covered in large bone
                  | plates. (SH +4) [demonic ancestry]
  3736 | D:4      | Reached XP level 5. HP: 21/37 MP: 2/9
  3885 | D:4      | Noticed an ogre
  3897 | D:4      | Reached skill level 1 in Shields
  4064 | D:3      | Found Conajo Ibriy's Antique Weapon Boutique.
  4140 | D:3      | Found Akkuxaox's Armour Emporium.
  4262 | D:3      | Reached XP level 6. HP: 44/44 MP: 5/10
  5073 | D:4      | Learned a level 4 spell: Olgreb's Toxic Radiance
  5124 | D:5      | Entered Level 5 of the Dungeon
  5146 | D:5      | Found a shimmering blue altar of Sif Muna.
  5451 | D:5      | Reached skill level 4 in Alchemy
  5467 | D:5      | Reached skill level 1 in Axes
  5483 | D:5      | Reached XP level 7. HP: 28/51 MP: 7/11
  5872 | D:5      | Noticed Edmund
  5908 | D:5      | Slain by Edmund

Illustrated notes

Levels and vault maps discovered:
D:1:      lemuel_arrival_rhombus, layout_loops_corners, minivault_23,
          nicolae_twisty_statue_hallways
D:2:      layout_basic, basic_altar, basic_ecumenical_altar,
          minmay_strange_pillars
D:3:      layout_basic, tso_altar, serial_shops, shop, shop_fountains
D:4:      layout_rooms, mainiacjoe_overflow_boulevard,
          nicolae_gozag_seed_capital
D:5:      layout_gridville, nicolae_sif_muna_condensation,
          minmay_temple_entry_offerings, minmay_fire_ice_demons, uniq_edmund

Skill      XL: |  1  2  3  4  5  6  7 |
---------------+----------------------+-----
Dodging        | 2 3 |  3.2
Fighting       | 1 2 |  2.7
Armour         | 1 2 |  2.4
Conjurations   | 2 3 |  3.0
Shields        | 1 2 |  2.0
Spellcasting   | 3 |  3.4
Alchemy        | 4 |  4.2
Axes           | 1 2 |  2.0
Stealth        | |  1.7

Action                     |  1- 3 |  4- 6 |  7- 9 || total
---------------------------+-------+-------+-------++-------
  Melee: Mace              |     5 |       |       ||     5
         Hand axe          |    39 |       |       ||    39
         Whip              |    15 |    40 |       ||    55
         Broad axe         |       |    38 |    64 ||   102
   Cast: Sting             |    47 |    56 |    10 ||   113
  Evoke: Wand              |       |       |     1 ||     1
    Use: Potion            |       |     2 |     3 ||     5
         Scroll            |       |    12 |       ||    12
 Armour: Robe              |    42 |    10 |       ||    52
         Ring mail         |       |    41 |    83 ||   124
  Dodge: Dodged            |    36 |    37 |    59 ||   132
  Block: Buckler           |       |    30 |    45 ||    75

Table legend: (Time is in decaauts)
 A = Elapsed time spent in this place.
 B = Non-inter-level travel time spent in this place.
 C = Inter-level travel time spent in this place.
 D = Time resting spent in this place.
 E = Time spent auto-exploring this place.
 F = Levels seen in this place.
 G = Mean time per level.
                   A        B        C        D        E       F      G
               +--------+--------+--------+--------+--------+-----+--------+
         Total |   5985 |   5804 |    181 |   1789 |   2937 |   5 | 1197.0 |
       Dungeon |   5985 |   5804 |    181 |   1789 |   2937 |   5 | 1197.0 |
               +--------+--------+--------+--------+--------+-----+--------+

Top non-repeatable levels by time:
     D:1: 1722 daAuts
     D:2: 1281 daAuts
     D:4: 1123 daAuts
     D:3: 1018 daAuts
     D:5: 839 daAuts
